Map: 죽음의 밤

Players

춤추는불곰

  • Race: Terran Terran
  • Spawn Location: 0:00

테라진

  • Race: Protoss Protoss
  • Spawn Location: 0:00

VOD

Have the link to the VOD?

Description

Time

  • Played on: Aug. 21, 2017, 3 a.m.
  • Length: 25:37
Show
View Real Time Build Order
Export as new Build Order

춤추는불곰 Terran 

Build Orders:  

Get SALT Encoding   

Show
View Real Time Build Order
Export as new Build Order

테라진 Protoss 

Build Orders:  

Get SALT Encoding   

  12  0:02  Probe (Chrono Boost)  
  13  0:17  Probe (Chrono Boost)  
  14  0:28  Pylon  
  14  0:31  Probe (Chrono Boost)  
  15  0:52  Probe (Chrono Boost)  
  16  1:04  Gateway  
  16  1:06  Probe (Chrono Boost)  
  17  1:11  Assimilator  
  17  1:19  Pylon  
  17  1:21  Probe (Chrono Boost)  
  18  1:34  Probe (Chrono Boost)  
  19  1:48  Probe (Chrono Boost)  
  20  1:51  Assimilator  
  20  2:02  Probe (Chrono Boost)  
  21  2:11  Pylon  
  21  2:15  Cybernetics Core  
  21  2:17  Probe (Chrono Boost)  
  22  2:31  Probe (Chrono Boost)  
  22  2:33  Pylon  
  23  2:45  Probe (Chrono Boost)  
  24  2:59  Probe (Chrono Boost)  
  24  3:05  Assimilator  
  25  3:10  Robotics Facility  
  25  3:13  Probe (Chrono Boost)  
  26  3:25  Warp Gate  
  26  3:27  Probe (Chrono Boost)  
  27  3:31  Forge  
  27  3:41  Probe (Chrono Boost)  
  28  3:55  Probe (Chrono Boost)  
  29  4:09  Probe (Chrono Boost)  
  30  4:19  Robotics Bay  
  30  4:21  Pylon  
  30  4:23  Probe (Chrono Boost)  
  31  4:36  Probe (Chrono Boost), Death Council  
  32  4:52  Probe (Chrono Boost)  
  33  5:05  Probe (Chrono Boost)  
  34  5:18  Pylon  
  33  5:20  Wraithwalker (Chrono Boost), Probe (Chrono Boost)  
  41  5:30  Rapid Power Cycling  
  41  5:35  Probe  
  41  5:36  Imposing Presence  
  42  5:48  Cloaking Module  
  42  5:54  Havoc  
  43  6:06  Gateway  
  43  6:08  Pylon  
  43  6:24  Wraithwalker (Chrono Boost)  
  49  6:40  Supplicant x2  
  53  6:45  Pylon  
  53  7:12  Aerial Tracking  
  53  7:21  Havoc  
  53  7:29  Wraithwalker (Chrono Boost)  
  54  7:34  Supplicant x2  
  64  8:03  Mothership  
  64  8:15  Telekinesis  
  64  8:21  Pylon  
  64  8:23  Photon Cannon  
  64  8:25  Photon Cannon  
  64  8:26  Pylon  
  64  8:59  Slayer  
  66  9:02  Slayer, Wraithwalker (Chrono Boost)  
  74  9:15  Gateway  
  74  9:17  Photon Cannon  
  74  9:18  Pylon  
  74  10:13  Wraithwalker (Chrono Boost)  
  74  10:15  Photon Cannon  
  78  10:23  Slayer x2  
  78  10:27  Detect Weakness  
  82  10:48  Protoss Ground Weapons Level 1  
  80  10:53  Photon Cannon  
  80  11:00  Photon Cannon  
  80  11:09  Photon Cannon  
  80  11:12  Photon Cannon  
  80  11:14  Wraithwalker (Chrono Boost)  
  86  12:16  Wraithwalker (Chrono Boost)  
  86  12:17  Pylon  
  86  12:19  Pylon x2  
  92  12:37  Gateway, Pylon  
  92  13:04  Mothership  
  92  13:35  Wraithwalker (Chrono Boost)  
  98  13:40  Bloodshard Resonance  
  98  13:41  Protoss Ground Weapons Level 2  
  98  14:18  Pylon  
  98  14:20  Pylon  
  98  14:35  Supplicant x2  
  98  14:38  Havoc  
  103  14:47  Wraithwalker (Chrono Boost)  
  109  15:13  Slayer  
  109  15:14  Slayer x3  
  117  15:34  Pylon  
  117  15:45  Pylon  
  113  16:24  Slayer x2, Wraithwalker (Chrono Boost)  
  113  16:25  Slayer, Havoc  
  126  17:08  Pylon  
  126  17:16  Slayer x3  
  126  17:17  Supplicant x2  
  136  17:57  Supplicant x2  
  136  17:58  Supplicant x6  
  148  18:44  Pylon  
  148  18:46  Pylon  
  148  19:11  Mothership  
  148  19:12  Slayer x2  
  148  19:13  Slayer x2  
  120  20:31  Pylon  
  118  21:05  Pylon  
  94  22:04  Pylon  
  80  23:45  Pylon  
  73  24:24  Pylon  
Tags
 
Commander
AlarakRaynor
Matchup
Co-op
Replay Pack
Co-op Speedrun
Add a new tag
Caveats
  • Supply blocks, unpowered buildings, or Contaminate may cause inaccurate times.
  • Supply counts are checked every 10 seconds.